 Dungeon Crawl Stone Soup version 0.25-a0-1130-g3926558f3a (webtiles) character file.

Game seed: 11913356595944234854, levelgen mode: deterministic

92 vurker the Charlatan (level 4, -7/34 HPs)
             Began as a Human Artificer on May 19, 2020.
             Mangled by Crazy Yiuf
             ... wielding a +2 quarterstaff of chaos
              (15 damage)
             ... on level 2 of the Dungeon.
             The game lasted 00:02:38 (3226 turns).

vurker the Charlatan (Human Artificer)              Turns: 3226, Time: 00:02:39

Health: -7/34      AC:  3    Str: 13    XL:     4   Next: 90%
Magic:  1/6        EV: 12    Int: 12    God:
Gold:   99         SH:  0    Dex: 13    Spells: 3/3 levels left

rFire    . . .     SeeInvis .   a - +0 short sword
rCold    . . .     Gourm    .   (no shield)
rNeg     . . .     Faith    .   b - +0 leather armour
rPois    .         Spirit   .   (no helmet)
rElec    .         Reflect  .   (no cloak)
rCorr    .         Harm     .   (no gloves)
MR       .....                  (no boots)
Stlth    +.........             (no amulet)
HPRegen  0.11/turn              (no ring)
MPRegen  0.10/turn              (no ring)

@: no status effects
A: no striking features
a: no special abilities


You were on level 2 of the Dungeon.
You were not hungry.

You visited 1 branch of the dungeon, and saw 2 of its levels.

You collected 99 gold pieces.

Inventory:

Hand Weapons
 a - a +0 short sword (weapon)
Armour
 b - a +0 leather armour (worn)
Wands
 d - a wand of enslavement (15)
 f - a wand of random effects (13)
 t - a wand of flame (15)
Scrolls
 j - a scroll of amnesia {unknown}
 l - 4 scrolls of identify {unknown}
 n - a scroll of teleportation {unknown}
Potions
 c - a potion of haste {unknown}
 g - 2 potions of degeneration {unknown}
 i - a potion of brilliance {unknown}
 k - a potion of lignification {unknown}
 m - 2 potions of curing {unknown}
Comestibles
 e - 7 rations


   Skills:
 + Level 2.4 Fighting
 - Level 1.0 Short Blades
 + Level 2.1 Armour
 - Level 2.0 Dodging
 - Level 1.0 Stealth
 + Level 3.9 Evocations


You had 3 spell levels left.
You didn't know any spells.
Your spell library was empty.

Dungeon Overview and Level Annotations

Branches:
Dungeon (2/15)

Altars:
Ashenzari
Wu Jian

Annotations:
D:2 Crazy Yiuf


Message History

The frilled lizard misses you.
You closely miss the frilled lizard. The frilled lizard misses you.
You hit the frilled lizard.
You kill the frilled lizard!
No target in view!
No target in view!
No target in view!
No target in view!
No target in view!
No target in view!
No target in view!
No target in view!
No target in view!
You butcher the frilled lizard corpse.
h - a chunk of flesh You see here a frilled lizard skeleton. x2
Eating a chunk of flesh.
You eat the chunk of flesh.
You are feeling very hungry.
Found 21 sling bullets.
You open the door.
Found two altars.
There is an open door here.
There is a fountain of clear blue water here.
There is an open door here.
You see here 21 sling bullets.
You see here a frilled lizard skeleton.
There is a stone staircase leading up here.
There is a stone staircase leading up here.
You are near starving!
You eat one of the 8 rations.
That ration really hit the spot!
There is a stone staircase leading down here.
Crazy Yiuf shouts!
Crazy Yiuf says, "Two head koolooloo!"
You open the door. You hit Crazy Yiuf but do no damage.
Crazy Yiuf hits you with a +2 quarterstaff of chaos!
You feel your power leaking away.
You closely miss Crazy Yiuf.
Crazy Yiuf hits you with a +2 quarterstaff of chaos!
* * * LOW HITPOINT WARNING * * *
Crazy Yiuf burns you.
* * * LOW HITPOINT WARNING * * *
Aim: Crazy Yiuf, wielding a +2 quarterstaff of chaos and wearing a +0 cloak Crazy Yiuf seems to speed up.
Crazy Yiuf barely misses you.
Aim: Crazy Yiuf, wielding a +2 quarterstaff of chaos and wearing a +0 cloak (fast) Crazy Yiuf struggles to resist.
Crazy Yiuf hits you with a +2 quarterstaff of chaos.
* * * LOW HITPOINT WARNING * * *
You are electrocuted!
You die...

#.# #.......# #. #.#
####.#### #. #####.# #.# #.
...##.# ##########. ......#
#......... ##.####
########## ##.# ###### ###
.#<####)#.)## ###..)#
............####@g...#
#######......#..##...# #
###...#.### ### # ####### #
# # #
############################


You could see Crazy Yiuf (fast).

Vanquished Creatures
  An adder (D:2)
  2 oozes (D:2)
  A worm (D:2)
  A dart slug (D:1)
  3 leopard geckos
  3 giant cockroaches
  8 goblins
  10 hobgoblins
  4 jackals (D:1)
  10 kobolds
  A quokka (D:2)
  9 bats
  2 frilled lizards (D:2)
  8 rats
63 creatures vanquished.

Notes
Turn   | Place    | Note
-------+----------+-------------------------------------------
     0 | D:1      | vurker the Human Artificer began the quest for the Orb.
     0 | D:1      | Reached XP level 1. HP: 15/15 MP: 3/3
   330 | D:1      | Reached XP level 2. HP: 18/21 MP: 4/4
   539 | D:1      | Reached skill level 1 in Armour
   840 | D:1      | Reached XP level 3. HP: 24/26 MP: 5/5
  1662 | D:2      | Reached XP level 4. HP: 21/33 MP: 6/6
  2965 | D:2      | Found a runed translucent door.
  2966 | D:2      | Noticed Crazy Yiuf
  3067 | D:2      | Found an ornate altar of the Wu Jian Council.
  3067 | D:2      | Found a shattered altar of Ashenzari.
  3226 | D:2      | Mangled by Crazy Yiuf

Illustrated notes

Levels and vault maps discovered:
D:1:      nzn_arrival_depleted_hourglass, layout_basic
D:2:      layout_loops_ring, gammafunk_temple_overflow_statue, first_ration,
          uniq_crazy_yiuf_cottage

Skill      XL: |  1  2  3  4 |
---------------+-------------+-----
Armour         | 1 2 |  2.1
Fighting       | 2 |  2.4
Short Blades   | |  1.0
Dodging        | |  2.0
Stealth        | |  1.0
Evocations     | |  3.9

Action                   |  1- 3 |  4- 6 || total
-------------------------+-------+-------++-------
Melee: Short sword       |   153 |   133 ||   286
Evoke: Wand              |       |     2 ||     2
 Stab: Distracted        |     1 |       ||     1
       Sleeping          |     1 |       ||     1
  Eat: Chunk             |     3 |     3 ||     6
       Ration            |       |     1 ||     1
Armor: Leather armour    |    43 |    55 ||    98
Dodge: Dodged            |    92 |   110 ||   202

Table legend:
 A = Non-vault XP
 B = Vault XP
 C = Vault XP percentage of total XP
 D = Non-vault monster count
 E = Vault monster count
 F = Vault count percentage of total count
                 A         B        C        D         E       F
            +---------+---------+-------+---------+---------+-------
      Total |     132 |       0 |   0.0 |      63 |       0 |   0.0
            +---------+---------+-------+---------+---------+-------
        D:1 |      60 |       0 |   0.0 |      34 |       0 |   0.0
        D:2 |      72 |       0 |   0.0 |      29 |       0 |   0.0
            +---------+---------+-------+---------+---------+-------
